 Dungeon Crawl Stone Soup version 0.31-a0-543-geaa9c7a2c0 (webtiles) character file.

Game seed: 1449099480550751493

2859 AdnanSaban the Protected (level 9, -12/57 HPs)
             Began as a Gargoyle Fighter on Aug 15, 2023.
             Was a Priest of Okawaru.
             Mangled by an orc warlord
             ... wielding a +5 executioner's axe
              (15 damage)
             ... in a bailey.
             The game lasted 00:08:43 (5806 turns).

AdnanSaban the Protected (Gargoyle Fighter)         Turns: 5806, Time: 00:08:44

Health: -12/57     AC: 22    Str: 25    XL:     9   Next: 75%
Magic:  0/9        EV:  9    Int:  8    God:    Okawaru [***...]
Gold:   350        SH:  6    Dex:  9    Spells: 8/8 levels left

rFire   . . .        e - +1 whip (venom)
rCold   + . .        c - +0 buckler
rNeg    + . .        f - +0 plate armour
rPois   ∞            (no helmet)
rElec   +            (no cloak)
rCorr   .            (no gloves)
SInv    .            (no boots)
Will    .....        m - amulet of guardian spirit Stlth
                     n - ring of protection from cold
HPRegen 0.29/turn    (no ring)
MPRegen 0.11/turn

%: guardian spirit
@: heroic
A: sickness immunity, AC +6, negative energy resistance 1, electricity
resistance, torment resistance 1, petrification resistance
a: Renounce Religion, Heroism


You were in a bailey.
You worshipped Okawaru.
Okawaru was most pleased with you.
You visited 1 branch of the dungeon, and saw 7 of its levels.
You also visited: Bailey.

You collected 350 gold pieces.

Inventory:

Hand Weapons
 e - a +1 whip of venom (weapon)
Missiles
 w - a throwing net
Armour
 c - a +0 buckler (worn)
 f - a +0 plate armour (worn)
Jewellery
 b - a ring of fire
 m - an amulet of guardian spirit (around neck)
 n - a ring of protection from cold (left hand)
 v - an amulet of regeneration
Scrolls
 h - a scroll of poison {unknown}
 i - a scroll of fog {unknown}
 k - 2 scrolls of identify {unknown}
 l - a scroll of butterflies {unknown}
 o - a scroll of torment {unknown}
 q - a scroll of revelation {unknown}
 r - a scroll of enchant weapon {unknown}
 t - 2 scrolls of noise {unknown}
Potions
 a - 3 potions of haste {unknown}
 d - a potion of might
 g - 6 potions of curing {unknown}
 j - 2 potions of degeneration {unknown}
 p - 3 potions of magic {unknown}
 s - a potion of heal wounds {unknown}


   Skills:
 + Level 7.0(12.0) Fighting
 + Level 7.8(12.8) Maces & Flails
 + Level 8.3(13.3) Armour
 + Level 1.6(6.6) Dodging
 + Level 1.2(6.2) Stealth
 + Level 6.5(11.5) Shields


You had 8 spell levels left.
You didn't know any spells.
Your spell library contained the following spells:

 Spells                   Type           Power      Damage    Failure   Level
 Frozen Ramparts          Ice            0%         1d1       100%        3
 Petrify                  Tmut/Erth      0%         N/A       100%        4
 Metabolic Englaciation   Hex/Ice        0%         N/A       100%        5
 Borgnjor's Revivificati  Necr           0%         N/A       100%        8
 Death's Door             Necr           0%         N/A       100%        9
 Haunt                    Necr/Summ      Unusable   N/A       N/A         7

Dungeon Overview and Level Annotations

Branches:
Dungeon (7/15)             Temple (0/1) D:5          Bailey (1/1)

Altars:
Ashenzari
Nemelex Xobeh
Okawaru
Xom

Shops:
D:5 ?


Innate Abilities, Weirdness & Mutations

You are immune to sickness and miasma.
Your stone body is resilient. (AC +6)
You are immune to poison.
You resist negative energy. (rN+)
You are resistant to electric shocks. (rElec)
You are resistant to unholy torment.
You are immune to petrification.


Message History

Okawaru accepts your kill.
Things that are here:
a +0 war axe; a +0 chain mail
There is an open door, spattered with blood here.
Items here: ))))))) [[[[[[[.
You throw a poisoned dart. The poisoned dart hits the orc warlord.
The orc warlord looks even sicker.
The orc warlord is lightly wounded.
You gain the combat prowess of a mighty hero.
You can no longer speed up your combat.
You hit the orc warlord but do no damage.
The orc warlord looks as sick as possible!
The orc warlord is lightly wounded.
The orc warlord hits you but does no damage.
You hit the orc warlord but do no damage.
The orc warlord looks as sick as possible!
The orc warlord is lightly wounded.
You barely miss the orc warlord.
The orc warlord is lightly wounded.
The orc warlord hits you with a +5 executioner's axe!!
Ouch! That really hurt!
You hit the orc warlord but do no damage.
The orc warlord is lightly wounded.
You hit the orc warlord but do no damage.
The orc warlord is lightly wounded.
You block the orc warlord's attack.
You whack the orc warlord!
The orc warlord looks as sick as possible!
The orc warlord is lightly wounded.
The orc warlord attacks as you move away!
The orc warlord hits you with a +5 executioner's axe!
* * * LOW HITPOINT WARNING * * *
Things that are here:
a +0 hand axe; a +0 leather armour The orc warlord attacks as you move away!
The orc warlord hits you with a +5 executioner's axe!
* * * LOW HITPOINT WARNING * * *
The orc warlord attacks as you move away!
The orc warlord hits you with a +5 executioner's axe!
You die...

'....)......# g.(....
#...........# .(....
##.........### ### ......
♣###.....###.###
###.###... ###.#'#.....###
###.....#'#
###))...)...###......)..##
#...........#.....).....#
#...........#.))..).....#
#.....⌠...@o#).(..⌠.....#
#.......)..)))..........#
#..........)#...........#
##.........###.........##
###.....### ###.....###
###.### ###.### ### ###


You could see an orc warlord (extremely poisoned).

Vanquished Creatures
  5 yaks
  10 orc warriors (Bailey)
  An ogre (D:4)
  5 scorpions
  3 killer bees (D:7)
  2 howler monkeys
  4 hounds
  A gnoll bouda (D:5)
  An iguana (D:5)
  2 orc wizards (D:5)
  24 gnolls
  An adder (D:5)
  A white imp (D:6)
  An ufetubus (D:5)
  A worm (D:2)
  2 dart slugs
  16 orcs
  9 bats
  2 endoplasms (D:2)
  5 giant cockroaches
  17 goblins
  18 hobgoblins
  2 jackals (D:1)
  4 quokkas
  8 ball pythons
  9 frilled lizards (D:1)
  6 kobolds
  A rat (D:3)
161 creatures vanquished.

Notes
Turn   | Place    | Note
-------+----------+-------------------------------------------
     0 | D:1      | AdnanSaban the Gargoyle Fighter began the quest for the
                  | Orb.
     0 | D:1      | Reached XP level 1. HP: 14/14 MP: 1/1
   167 | D:1      | Reached XP level 2. HP: 19/19 MP: 2/2
   292 | D:1      | Found a faded altar of an unknown god.
   668 | D:1      | Reached XP level 3. HP: 24/24 MP: 3/3
  1145 | D:2      | Found a sparkling altar of Nemelex Xobeh.
  1370 | D:2      | Reached XP level 4. HP: 29/29 MP: 4/4
  1843 | D:3      | Found an iron altar of Okawaru.
  1854 | D:3      | Found a sparkling altar of Nemelex Xobeh.
  1865 | D:3      | Became a worshipper of Warmaster Okawaru
  1914 | D:3      | Found a broken altar of Ashenzari.
  1921 | D:3      | Found a shimmering altar of Xom.
  2073 | D:3      | Reached skill level 4 in Armour
  2217 | D:3      | Reached XP level 5. HP: 30/33 MP: 5/5
  2483 | D:4      | Identified the +8 long sword "Enaej Mixe" {spect, Dex+4}
  3062 | D:5      | Entered Level 5 of the Dungeon
  3069 | D:5      | Reached XP level 6. HP: 38/39 MP: 6/6
  3077 | D:5      | Noticed a yak
  3077 | D:5      | Noticed a yak
  3078 | D:5      | Noticed a yak
  3078 | D:5      | Noticed a yak
  3090 | D:5      | Noticed a yak
  3102 | D:4      | Killed a yak
  3270 | D:5      | Reached skill level 5 in Fighting
  3278 | D:5      | Reached XP level 7. HP: 44/44 MP: 7/7
  3301 | D:5      | Reached * piety under Okawaru
  3447 | D:5      | Reached skill level 1 in Dodging
  3466 | D:5      | Reached skill level 5 in Armour
  3497 | D:5      | Reached skill level 5 in Maces & Flails
  3603 | D:4      | Killed a yak
  3604 | D:4      | Reached skill level 5 in Shields
  3604 | D:4      | Reached XP level 8. HP: 45/49 MP: 6/8
  4026 | D:4      | Reached ** piety under Okawaru
  4027 | D:4      | Reached skill level 6 in Armour
  4146 | D:4      | Killed a yak
  4257 | D:4      | Killed a yak
  4369 | D:5      | Killed a yak
  4370 | D:5      | Reached skill level 7 in Armour
  4499 | D:5      | Found a staircase to the Ecumenical Temple.
  4636 | D:5      | Found Zuc Zicw's Magic Scroll Shop.
  4880 | D:6      | Reached XP level 9. HP: 53/55 MP: 9/9
  4931 | D:6      | You fall into a shaft and drop 1 floor!
  5034 | D:7      | Found a flagged portal.
  5056 | D:7      | Reached *** piety under Okawaru
  5077 | Bailey   | Entered a bailey
  5370 | Bailey   | Reached skill level 8 in Armour
  5370 | Bailey   | Reached skill level 1 in Stealth
  5496 | Bailey   | Reached **** piety under Okawaru
  5780 | Bailey   | Noticed an orc warlord
  5806 | Bailey   | Mangled by an orc warlord

Illustrated notes

Levels and vault maps discovered:
D:1:      mainiacjoe_arrival_reflecting_pool, layout_basic,
          hellmonk_ecumenical_altar_prayer_group, serial_forest,
          infiniplex_forest_straight_4, infiniplex_forest_lined_2,
          infiniplex_forest_3_way, infiniplex_forest_lined_3,
          infiniplex_forest_lined_2, infiniplex_forest_clump_long, minivault_11,
          minmay_lizard_pond
D:2:      layout_basic, basic_altar
D:3:      layout_rooms, mainiacjoe_overflow_large_starburst,
          chequers_temple_overflow_statue_of_worship
D:4:      layout_basic
D:5:      layout_cave_pools, temple_doors_e, serial_shops,
          nicolae_shop_advertising_works [nicolae_subvault_shop_adworks]
D:6:      layout_gridville, uniq_grinder, uniq_edmund, uniq_duvessa
D:7:      layout_layer_cave, enter_bailey_2, serial_shops,
          nicolae_shop_mannequins
Bailey:   bailey_axe_minmay_hex_keep, bailey

Skill      XL: |  1  2  3  4  5  6  7  8  9 |
---------------+----------------------------+-----
Fighting       | 4 5 6 7 |  7.0
Maces & Flails | 3 4 5 6 7 |  7.8
Armour         | 4 5 7 8 |  8.3
Shields        | 4 5 6 |  6.5
Dodging        | 1 |  1.6
Stealth        | 1 |  1.2

Action                     |  1- 3 |  4- 6 |  7- 9 || total
---------------------------+-------+-------+-------++-------
  Melee: Whip              |   136 |   139 |   420 ||   695
         Flail             |     7 |       |       ||     7
  Throw: Dart              |       |       |     5 ||     5
 Invoke: Heroism           |       |       |     1 ||     1
   Stab: Distracted        |       |       |     1 ||     1
 Armour: Scale mail        |    19 |       |       ||    19
         Plate armour      |    69 |    80 |   231 ||   380
  Dodge: Dodged            |    47 |    36 |   110 ||   193
  Block: Buckler           |    23 |    26 |    96 ||   145

Table legend: (Time is in decaauts)
 A = Elapsed time spent in this place.
 B = Non-inter-level travel time spent in this place.
 C = Inter-level travel time spent in this place.
 D = Time resting spent in this place.
 E = Time spent auto-exploring this place.
 F = Levels seen in this place.
 G = Mean time per level.
                   A        B        C        D        E       F      G
               +--------+--------+--------+--------+--------+-----+--------+
         Total |   5729 |   5274 |    455 |    433 |   3401 |   8 |  716.1 |
       Dungeon |   5049 |   4594 |    455 |    263 |   3340 |   7 |  721.3 |
        Bailey |    679 |    679 |      0 |    170 |     61 |   1 |  679.0 |
               +--------+--------+--------+--------+--------+-----+--------+

Top non-repeatable levels by time:
     D:4: 1574 daAuts
     D:1: 1079 daAuts
     D:5: 932 daAuts
     D:3: 692 daAuts
  Bailey: 679 daAuts
     D:2: 562 daAuts
     D:7: 141 daAuts
     D:6: 68 daAuts
